 Dungeon Crawl Stone Soup version 0.31.0-12-g77e489cdc1 (webtiles) character file.

Game seed: 15622584804813878768

442 Ekaitz the Chiller (level 6, -1/44 HPs)
             Began as a Demonspawn Ice Elementalist on Feb 14, 2024.
             Was an Initiate of Sif Muna.
             Succumbed to a killer bee's poison
             ... on level 4 of the Dungeon.
             The game lasted 00:05:14 (3149 turns).

Ekaitz the Chiller (Demonspawn Ice Elementalist)    Turns: 3149, Time: 00:05:14

Health: -1/44      AC:  6    Str:  8    XL:     6   Next: 71%
Magic:  0/11       EV: 12    Int: 18    God:    Sif Muna [......]
Gold:   148        SH:  0    Dex: 13    Spells: 8/12 levels left

rFire   . . .        c - +0 quarterstaff
rCold   . . .        (shield currently unavailable)
rNeg    . . .        a - +0 robe
rPois   .            (no helmet)
rElec   .            (no cloak)
rCorr   .            (no gloves)
SInv    .            h - +1 pair of boots
Will    +....        u - amulet of faith
Stlth   ++           g - ring of willpower
HPRegen 0.27/turn    (no ring)
MPRegen 0.12/turn

%: faith
@: lethally poisoned (-1 -> -20)
A: icy blue scales 1, ignite blood 1, spiny 1
a: Renounce Religion


You were on level 4 of the Dungeon.
You worshipped Sif Muna.
Sif Muna was noncommittal.
You visited 1 branch of the dungeon, and saw 4 of its levels.

You collected 148 gold pieces.

Inventory:

Hand Weapons
 c - a +0 quarterstaff (weapon)
 e - a +0 falchion
 f - a +2 dagger of speed
 w - a +2 short sword of venom
Armour
 a - a +0 robe (worn)
 h - a +1 pair of boots (worn)
Jewellery
 g - a ring of willpower (left hand)
 u - an amulet of faith (around neck)
Wands
 o - a wand of flame (21)
 p - a wand of digging (8)
Scrolls
 d - 3 scrolls of identify {unknown}
 i - a scroll of enchant armour {unknown}
 j - a scroll of teleportation {unknown}
 l - a scroll of fog {unknown}
 m - a scroll of immolation {unknown}
 n - a scroll of noise {unknown}
 v - a scroll of poison {unknown}
Potions
 b - a potion of magic
 k - a potion of cancellation
 q - a potion of brilliance {unknown}
 r - a potion of attraction {unknown}
 s - a potion of experience {unknown}
 t - a potion of enlightenment {unknown}


   Skills:
 * Level 2.2 Fighting
 + Level 0.8 Staves
 + Level 2.0 Dodging
 + Level 2.1 Stealth
 + Level 3.5 Spellcasting
 * Level 1.8 Summonings
 * Level 5.6 Ice Magic


You had 8 spell levels left.
You knew the following spells:

 Your Spells              Type           Power      Damage    Failure   Level
a - Freeze                Ice            92%        1d9       1%          1
b - Frozen Ramparts       Ice            46%        1d7       4%          3

Your spell library contained the following spells:

 Spells                   Type           Power      Damage    Failure   Level
 Ozocubu's Armour         Ice            23%        N/A       4%          3
 Summon Ice Beast         Ice/Summ       16%        N/A       10%         3


Dungeon Overview and Level Annotations

Branches:
Dungeon (4/15)
 Temple: D:4-7

Altars:
Ashenzari
Nemelex Xobeh
Qazlal
Sif Muna
Vehumet
Xom

Shops:
D:3 [

Annotations:
D:4 exclusion: statue


Innate Abilities, Weirdness & Mutations

You are partially covered in icy blue scales. (AC +2)
Your demonic aura sometimes causes spilled blood to erupt in flames.
You are partially covered in sharp spines.


Message History

You hit the orc.
You kill the orc!
Sif Muna accepts your kill.
You feel sick.
The killer bee is struck by your spines.
The killer bee completely misses you. The killer bee stings you.
The killer bee stings you but does no damage.
Casting: Frozen Ramparts (dangerous; 4% risk of failure)
Confirm with . or Enter, or press ? or * to list all spells.
Aiming: Freeze (safe; 1% risk of failure)
Press: ? - help, Shift-Dir - straight line, f - killer bee
Aim: a killer bee (severely wounded)
You freeze the killer bee.
The killer bee is severely wounded.
You feel sick. The killer bee barely misses you. The killer bee stings you.
* * * LOW HITPOINT WARNING * * *
You are lethally poisoned!
The killer bee poisons you!
Casting: Freeze (safe; 1% risk of failure)
Confirm with . or Enter, or press ? or * to list all spells.
Aiming: Freeze (safe; 1% risk of failure)
Press: ? - help, Shift-Dir - straight line, f/p - killer bee
Aim: a killer bee (severely wounded)
You freeze the killer bee.
The killer bee is almost dead.
* * * LOW HITPOINT WARNING * * *
You feel very sick. The killer bee stings you.
* * * LOW HITPOINT WARNING * * *
You are more poisoned.
The killer bee poisons you!
The killer bee is struck by your spines.
You kill the killer bee!
Sif Muna accepts your kill.
Your Dodging skill increases to level 2!
Unknown command.
It was a potion of cancellation.
Your magical effects are unravelling.
You feel magically purged.
The frozen ramparts melt away.
You die...

..........................
..........#......#........
........####.#.)....##....
..........#....###..# ....
......##......[...... ###
......##.......... .##
.......##.........
##.##...#.†.......
#.....))@.......
#......###...... ........#
...##. ..#...... .....
#...#..# ...... #...o....
..... #......... .###
....o .o... .....y....##


There were no monsters in sight!

Vanquished Creatures
  5 killer bees (D:4)
  A bombardier beetle (D:3)
  A hound (D:4)
  An orc priest (D:4)
  An orc wizard (D:4)
  2 adders (D:2)
  A ribbon worm (D:2)
  2 dart slugs (D:3)
  10 orcs
  3 ball pythons
  6 endoplasms
  4 giant cockroaches
  4 goblins
  5 hobgoblins
  2 jackals (D:3)
  3 quokkas (D:1)
  5 bats
  5 frilled lizards
  5 kobolds
  5 rats
71 creatures vanquished.

Notes
Turn   | Place    | Note
-------+----------+-------------------------------------------
     0 | D:1      | Ekaitz the Demonspawn Ice Elementalist began the quest for
                  | the Orb.
     0 | D:1      | Reached XP level 1. HP: 13/13 MP: 3/3
   430 | D:1      | Reached skill level 4 in Ice Magic
   430 | D:1      | Gained mutation: You are partially covered in icy blue
                  | scales. (AC +2) [demonic ancestry]
   430 | D:1      | Reached XP level 2. HP: 18/20 MP: 1/5
  1296 | D:2      | Gained mutation: You are partially covered in sharp spines.
                  | [demonic ancestry]
  1296 | D:2      | Reached XP level 3. HP: 25/25 MP: 3/6
  1300 | D:2      | Learned a level 3 spell: Frozen Ramparts
  2141 | D:3      | Found a sparkling altar of Nemelex Xobeh.
  2144 | D:3      | Found a shimmering altar of Xom.
  2145 | D:3      | Found a stormy altar of Qazlal.
  2279 | D:3      | Reached skill level 1 in Fighting
  2306 | D:3      | Found Otufusets's Armour Emporium.
  2314 | D:3      | Gained mutation: Your demonic aura sometimes causes spilled
                  | blood to erupt in flames. [demonic ancestry]
  2314 | D:3      | Reached XP level 4. HP: 27/32 MP: 1/7
  2763 | D:3      | Found a broken altar of Ashenzari.
  3010 | D:4      | Found a shimmering blue altar of Sif Muna.
  3016 | D:4      | Became a worshipper of Sif Muna the Loreminder
  3040 | D:4      | Reached skill level 5 in Ice Magic
  3040 | D:4      | Reached XP level 5. HP: 34/37 MP: 3/9
  3041 | D:4      | Reached skill level 1 in Summonings
  3080 | D:4      | Found a radiant altar of Vehumet.
  3080 | D:4      | Noticed a charred statue
  3140 | D:4      | Reached XP level 6. HP: 32/44 MP: 4/11
  3149 | D:4      | Succumbed to a killer bee's poison

Illustrated notes

Levels and vault maps discovered:
D:1:      ncdulo_wetmaze, layout_loops_corners, hangedman_glass_teeth,
          ebering_dispersal_statue_hall
D:2:      layout_basic
D:3:      layout_loops_ring, nicolae_ashenzari_skybound,
          chequers_temple_overflow_statue_of_worship, serial_shops, shop
D:4:      layout_cave_pools, vehumet_statue, fedhas_altar_4,
          grunt_temple_overflow_open, kennysheep_orc_chapel

Skill      XL: |  1  2  3  4  5  6 |
---------------+-------------------+-----
Ice Magic      | 4 5 |  5.6
Stealth        | 2 |  2.1
Fighting       | 1 2 |  2.2
Spellcasting   | 3 |  3.5
Summonings     | 1 |  1.8
Dodging        | 2 |  2.0
Staves         | |  0.8

Action                     |  1- 3 |  4- 6 || total
---------------------------+-------+-------++-------
  Melee: Quarterstaff      |     6 |     9 ||    15
   Cast: Freeze            |    60 |    24 ||    84
         Frozen Ramparts   |       |     3 ||     3
    Use: Potion            |       |     1 ||     1
 Armour: Robe              |    22 |    23 ||    45
  Dodge: Dodged            |    23 |    19 ||    42
